 Dungeon Crawl Stone Soup version 0.30-a0-639-g3916f1956a (webtiles) character file.

Game seed: 12119121685932111374

107478 wormed the Fighter (level 16, -3/134 HPs)
             Began as a Gnoll Venom Mage on Jan 16, 2023.
             Was the Champion of Cheibriados.
             Slain by a bone dragon (17 damage)
             ... summoned by Mlioglotl
             ... on level 1 of the Shoals.
             The game lasted 01:04:09 (31888 turns).

wormed the Fighter (Gnoll Venom Mage)              Turns: 31888, Time: 01:04:10

Health: -3/134     AC: 16    Str: 36    XL:     16   Next: 47%
Magic:  22/32      EV: 36    Int: 32    God:    Cheibriados [******]
Gold:   3023       SH:  9    Dex: 29    Spells: 17/39 levels left

rFire   . . .      SeeInvis .    o - staff of poison
rCold   . . .      Faith    +    V - +0 buckler
rNeg    . . .      Spirit   .    G - +0 troll leather armour
rPois   +          Reflect  .    i - +1 helmet "Qautunwa" {Regen+}
rElec   .          Harm     .    v - +0 cloak
rCorr   .          Rampage  .    F - +1 pair of gloves "Ypukhlaa" {Drain +Inv Int+3}
Will    +....                    C - +2 pair of boots
Stlth   +++                      e - amulet of faith
HPRegen 2.02/turn                I - +5 ring of evasion
MPRegen 0.23/turn                E - +6 ring of strength

@: agile, afraid, forested, studying 2 skills, very slow
A: fangs 1, strong nose, distributed training
a: Renounce Religion, Evoke Invisibility, Bend Time, Temporal Distortion,
Slouch, Step From Time


You were on level 1 of the Shoals.
You worshipped Cheibriados.
Cheibriados was exalted by your worship.
You visited 5 branches of the dungeon, and saw 24 of its levels.
You also visited: Bailey and Gauntlet.

You collected 4219 gold pieces.
You spent 1196 gold pieces at shops.

Inventory:

Missiles
 f - 49 poisoned darts
 s - 5 curare-tipped darts
 z - 3 throwing nets
 M - 12 silver javelins
 U - 6 datura-tipped darts
Armour
 i - the +1 helmet "Qautunwa" (worn) {Regen+}
   (You found it in a Gauntlet)

   Regen:     It increases your rate of health regeneration.
 v - a +0 cloak (worn)
 C - a +2 pair of boots (worn)
 F - the +1 pair of gloves "Ypukhlaa" (worn) {Drain +Inv Int+3}
   (You found it on level 10 of the Dungeon)

   Int:       It affects your intelligence (+3).
   +Inv:      It lets you turn invisible.
   Drain:     It drains your maximum health when unequipped.
 G - a +0 troll leather armour (worn)
 V - a +0 buckler (worn)
Magical Staves
 o - a staff of poison (weapon)
Jewellery
 e - an amulet of faith (around neck)
 u - a ring of poison resistance
 E - a +6 ring of strength (right hand)
 I - a +5 ring of evasion (left hand)
Wands
 a - a wand of flame (18) (quivered)
 b - a wand of digging (11)
 w - a wand of paralysis (29)
 y - a wand of light (8)
 B - a wand of polymorph (12)
 T - a wand of iceblast (3)
Scrolls
 m - 13 scrolls of teleportation
 p - 5 scrolls of immolation
 t - 3 scrolls of butterflies
 D - 4 scrolls of enchant armour
 O - 4 scrolls of magic mapping
 P - a scroll of fear
 Q - a scroll of amnesia
 S - a scroll of enchant weapon
 X - a scroll of silence
 Y - a scroll of brand weapon
Potions
 c - 5 potions of brilliance
 d - 5 potions of cancellation
 g - 7 potions of mutation
 h - 7 potions of flight
 j - 3 potions of attraction
 k - 3 potions of berserk rage
 l - 2 potions of heal wounds
 n - 5 potions of degeneration
 q - 2 potions of lignification
 r - 9 potions of curing
 x - 2 potions of resistance
 A - 4 potions of might
 K - a potion of invisibility
 W - 8 potions of ambrosia
Miscellaneous
 L - a phantom mirror (inert)


   Skills:
 + Level 14.3 Fighting
 + Level 11.3 Short Blades
 + Level 11.3 Long Blades
 + Level 11.3 Axes
 + Level 11.3 Maces & Flails
 + Level 11.3 Polearms
 + Level 11.3 Staves
 + Level 11.3 Ranged Weapons
 + Level 11.3 Throwing
 + Level 11.3 Armour
 + Level 13.3 Dodging
 + Level 12.0 Stealth
 + Level 11.3 Shields
 + Level 11.3 Unarmed Combat
 + Level 12.3 Spellcasting
 + Level 9.5 Conjurations
 + Level 9.5 Hexes
 + Level 9.5 Summonings
 + Level 9.5 Necromancy
 + Level 9.5 Translocations
 + Level 9.8 Transmutations
 + Level 9.5 Fire Magic
 + Level 9.5 Ice Magic
 + Level 9.5 Air Magic
 + Level 9.5 Earth Magic
 + Level 11.0 Poison Magic
 + Level 12.2 Invocations
 + Level 11.3 Evocations


You had 17 spell levels left.
You knew the following spells:

 Your Spells              Type           Power      Damage    Failure   Level
a - Poisonous Vapours     Pois/Air       100%       N/A       1%          2
b - Olgreb's Toxic Radia  Pois           94%        N/A       1%          4
c - Mephitic Cloud        Conj/Pois/Air  90%        N/A       1%          3
d - Ignite Poison         Fire/Tmut/Pois 91%        N/A       1%          3
f - Summon Forest         Summ/Tloc      34%        N/A       1%          5
s - Summon Mana Viper     Hex/Summ       69%        N/A       1%          5

Your spell library contained the following spells:

 Spells                   Type           Power      Damage    Failure   Level
 Freeze                   Ice            100%       1d10      1%          1
 Magic Dart               Conj           100%       1d8       1%          1
 Sandblast                Erth           100%       2d20      1%          1
 Sting                    Tmut/Pois      100%       1d8       1%          1
 Blink                    Tloc           100%       N/A       1%          2
 Call Imp                 Summ           69%        N/A       1%          2
 Cigotuvi's Dreadful Rot  Necr/Pois/Air  100%       N/A       1%          2
 Lesser Beckoning         Tloc           100%       N/A       1%          2
 Momentum Strike          Conj/Tloc      100%       3d10      1%          2
 Passwall                 Tmut/Erth      57%        N/A       1%          2
 Static Discharge         Conj/Air       100%       2-7/arc   1%          2
 Frozen Ramparts          Ice            100%       1d16      1%          3
 Hailstorm                Conj/Ice       69%        3d14      1%          3
 Kindle Blastsparks       Fire/Tloc/Air  100%       2d18      1%          3
 Stone Arrow              Conj/Erth      100%       3d13      1%          3
 Vhi's Electric Charge    Tloc/Air       100%       N/A       1%          3
 Dispel Undead            Necr           69%        3d23      1%          4
 Ice Form                 Ice/Tmut       69%        N/A       1%          4
 Summon Ice Beast         Ice/Summ       69%        N/A       1%          4
 Arcjolt                  Conj/Air       34%        1d44      1%          5
 Freezing Cloud           Conj/Ice/Air   34%        6-21      1%          5
 Lightning Bolt           Conj/Air       34%        1d52      1%          5
 Death Channel            Necr           34%        N/A       10%         6
 Simulacrum               Ice/Necr       34%        N/A       10%         6
 Summon Cactus Giant      Summ           34%        N/A       10%         6
 Malign Gateway           Summ/Tloc      34%        N/A       45%         7
 Summon Horrible Things   Summ           34%        N/A       99%         8


Dungeon Overview and Level Annotations

Branches:
Dungeon (15/15)            Temple (1/1) D:4            Lair (5/5) D:11
 Shoals (1/4) Lair:2        Snake (0/4) Lair:3        Slime (0/5) Lair:5
    Orc (2/2) D:11            Elf (0/3) Orc:2        Vaults (0/5) D:13
 Depths (0/4) D:15         Bailey (visited)         Gauntlet (visited)

Altars:
Ashenzari
Cheibriados
Dithmenos
Elyvilon
Fedhas
Gozag
Hepliaklqana
Kikubaaqudgha
Makhleb
Nemelex Xobeh
Okawaru
Qazlal
Ru
Sif Muna
Trog
Uskayaw
Vehumet
Wu Jian
Xom
Yredelemnul
Zin
The Shining One
Jiyva
Lugonu

Shops:
D:2 (   D:3 [   D:5 :   D:9 *   D:15 **   Orc:2 *[[[

Portals:
Abyss: D:9 Lair:5
Trove: D:14 (give 5 scrolls of blinking)

Annotations:
Shoals:1 Mlioglotl


Innate Abilities, Weirdness & Mutations

You have very sharp teeth.
Your uncanny sense of smell can sniff out nearby items.
Your experience applies equally to all skills.


Message History

Aim: Mlioglotl (heavily wounded, strong, inspiring fear, 92% to hit)
The puff of flame hits Mlioglotl.
Mlioglotl is heavily wounded.
The small abomination disappears in a puff of smoke!
The freezing wraith disappears in a puff of smoke! x2
The ufetubus splashes around in the water.
You block the ufetubus's attack.
The chaos spawn briefly grows a face disturbingly similar to your own.
The chaos spawn completely misses you. The ynoxinul completely misses you.
You block Mlioglotl's attack. Mlioglotl completely misses you.
Something hits your dryad! The worldbinder misses you.
The worldbinder closely misses you.
Your dryad struggles to escape constriction.
The necromancer hits you but does no damage.
The bone dragon completely misses you. x2; The bone dragon tramples you!
* * * LOW HITPOINT WARNING * * *
You hold your ground!
The starspawn tentacle constricts your dryad.
The starspawn tentacle loses its grip on your dryad.
The tentacle pulls your dryad backwards!
A tentacle flies out from the starspawn's body!
A starcursed mass splits.
A starspawn tentacle comes into view.
You feel much better. You block the ufetubus's attack.
The ufetubus completely misses you. Mlioglotl hits you!!
* * * LOW HITPOINT WARNING * * *
Mlioglotl tramples you but does no damage.
The worldbinder barely misses you. The worldbinder completely misses you.
The chaos spawn closely misses you. The merfolk closely misses your dryad.
The ynoxinul completely misses you. The ufetubus barely misses you.
The ufetubus completely misses you.
The ufetubus splashes around in the water.
The ufetubus completely misses you. You block Mlioglotl's attack.
Mlioglotl tramples you!!
* * * LOW HITPOINT WARNING * * *
You hold your ground!
The necromancer completely misses you.
A starcursed mass splits.
The ynoxinul gestures.
The bone dragon bites you!
You die...

#≈~~≈≈≈≈≈≈≈≈≈≈≈≈
.~~≈≈≈≈≈≈≈≈≈≈≈≈≈
~~≈≈≈≈≈≈≈≈≈≈≈≈≈≈
~≈≈≈≈~~~~5≈≈≈≈≈≈
≈≈≈≈~X§~m~5≈≈≈≈≈
≈≈≈≈~~X§h3R≈≈≈≈≈
≈≈~~~~Xp5Dww≈≈≈≈
~~~~~X5X@4X≈≈≈≈≈
~~~~~553x5p5≈≈≈≈
~~~~~xX5X5z~≈≈≈≈
.~~~~~V~55~~≈≈≈≈
.#..~~~~~~≈≈≈≈≈≈
..##.~~~~~~~≈≈≈≈
. ..~~~~~~~≈≈≈≈
♣.~~~~~~~~≈≈≈≈


You could see a bone dragon (summoned), 3 starcursed masses, Mlioglotl (strong,
scary, ally target), a tentacled starspawn (summoned), a skeletal warrior
(summoned), a merfolk (soul bound, distracted), 3 large abominations, 2
necromancers, a worldbinder (summoned), a raiju (summoned), 2 ynoxinuls, a chaos
spawn (summoned), a vampire (summoned), a small abomination (summoned), 2
starspawn tentacles, 12 ufetubi and a friendly dryad (summoned).

Vanquished Creatures
  Jorgrun (Orc:2)
  A frost giant (D:15)
  An orc warlord (Orc:1)
  2 minotaurs
  2 ettins (D:15)
  Josephine (Orc:1)
  An entropy weaver (Gauntlet)
  A yaktaur captain (D:13)
  Harold (D:9)
  Erolcha (Orc:1)
  5 hydras
  Erica (Orc:1)
  3 centaur warriors (D:14)
  6 two-headed ogres
  3 catoblepae
  An ogre mage (D:15)
  3 boulder beetles
  A tengu warrior (D:15)
  2 death yaks (Lair:3)
  3 orc high priests (Orc:2)
  A fire crab (shapeshifter) (D:13)
  Lodul (D:13)
  A deep troll (D:15)
  2 wizards (D:15)
  Pikel (D:8)
  8 orc knights
  A lindwurm (Lair:4)
  A deep elf pyromancer (D:15)
  2 necromancers (D:15)
  A wolf spider (D:15)
  10 ugly things
  7 orc sorcerers
  A merfolk siren (Lair:2)
  5 cyclopes
  3 manticores
  6 elephants
  5 black mambas
  12 cane toads
  A torpor snail (Lair:3)
  A smoke demon (Lair:5)
  2 gargoyles
  Psyche (D:8)
  2 rime drakes
  An unseen horror (D:12)
  A kobold demonologist (D:9)
  A freezing wraith (D:15)
  2 yaktaurs (D:13)
  8 komodo dragons
  4 tengu conjurers
  3 meliai (D:13)
  A polar bear (Lair:3)
  4 trolls
  A hellwing (D:9)
  A queen bee (D:13)
  A wind drake (shapeshifter) (D:15)
  A hornet (D:7)
  31 blink frogs
  A large abomination (Gauntlet)
  A snapping turtle (shapeshifter) (D:14)
  12 dream sheep
  7 slime creatures
  A shadow (D:6)
  3 wraiths
  9 wyverns
  A ynoxinul (Lair:5)
  29 yaks
  10 basilisks
  2 vampire mosquitoes (D:14)
  8 small abominations
  A steam dragon (D:7)
  2 redbacks (Gauntlet)
  5 wargs (Orc:1)
  2 chaos spawn (Lair:5)
  The ghost of bande the Covered, an amateur GrFi (D:3)
  4 nagas (Lair:3)
  11 water moccasins
  33 orc warriors
  8 ice beasts
  A black bear (D:6)
  A sky beast (D:6)
  14 ogres
  24 wolves
  8 centaurs
  A phantom (D:7)
  3 kobold brigands (D:9)
  9 bullfrogs
  7 scorpions
  4 gnoll sergeants
  A necrophage (D:4)
  2 hornet simulacra
  26 killer bees
  2 howler monkeys
  5 electric eels
  4 hounds
  19 orc priests
  Crazy Yiuf (D:4)
  A jelly (D:4)
  A gnoll bouda (D:6)
  Jessica (D:2)
  2 iguanas
  Ijyb (D:4)
  22 orc wizards
  7 centaur simulacra
  A boggart simulacrum (Gauntlet)
  A killer bee simulacrum (D:8)
  Robin (D:2)
  18 gnolls
  4 adders
  11 white imps
  A howler monkey simulacrum (D:8)
  4 ufetubi
  4 dart slugs
  66 orcs
  10 ball pythons
  A bat (D:2)
  4 endoplasms (D:1)
  4 giant cockroaches
  18 goblins
  10 hobgoblins
  14 kobolds
  4 quokkas
  5 rats
674 creatures vanquished.

Vanquished Creatures (collateral kills)
  The ghost of pdpol the Devastator, a journeyman NaFE of Gozag (D:15)
  2 hydras
  A two-headed ogre (Orc:2)
  3 thrashing horrors (Lair:5)
  A hell hog (D:9)
  The ghost of Darkkill the Skirmisher, a novice MiHu of Gozag (D:9)
  The ghost of bmack86 the Cleaver, a novice MiFi of Okawaru (D:7)
  A sun demon (D:9)
  An obsidian statue (D:15)
  An orange crystal statue (D:11)
  An orc sorcerer (Orc:2)
  A cyclops (Orc:1)
  A smoke demon (Lair:5)
  A gargoyle (D:13)
  2 efreet (D:14)
  An ancient zyme (Lair:5)
  A meliai (shapeshifter) (D:15)
  A large abomination (Lair:5)
  5 slime creatures
  3 yaks (Lair:5)
  3 wraiths (Orc:1)
  2 basilisks (Lair:5)
  A chaos spawn (Lair:5)
  7 vampire mosquitoes
  3 wargs
  A water moccasin (Lair:4)
  A water moccasin (shapeshifter) (Lair:5)
  6 small abominations (Lair:5)
54 creatures vanquished.

Vanquished Creatures (others)
  A manticore (D:11)
  A small abomination (D:9)
  A demonic plant (Gauntlet)
  17 fungi
  57 plants
  3 snaplasher vines
  2 starspawn tentacles (Shoals:1)
82 creatures vanquished.

Grand Total: 810 creatures vanquished

Notes
Turn   | Place    | Note
-------+----------+-------------------------------------------
     0 | D:1      | wormed the Gnoll Venom Mage began the quest for the Orb.
     0 | D:1      | Reached XP level 1. HP: 13/13 MP: 6/6
   114 | D:1      | Reached XP level 2. HP: 19/19 MP: 2/7
   659 | D:1      | Reached skill level 5 in Spellcasting
   659 | D:1      | Reached XP level 3. HP: 25/25 MP: 4/9
  1027 | D:1      | Reached skill level 1 in Invocations
  1194 | D:1      | Learned a level 2 spell: Poisonous Vapours
  1319 | D:2      | Noticed Robin
  1663 | D:2      | Reached skill level 1 in Fighting
  1663 | D:2      | Reached skill level 1 in Short Blades
  1663 | D:2      | Reached skill level 1 in Long Blades
  1663 | D:2      | Reached skill level 1 in Axes
  1663 | D:2      | Reached skill level 1 in Maces & Flails
  1663 | D:2      | Reached skill level 1 in Polearms
  1663 | D:2      | Reached skill level 1 in Staves
  1663 | D:2      | Reached skill level 1 in Ranged Weapons
  1663 | D:2      | Reached skill level 1 in Throwing
  1663 | D:2      | Reached skill level 1 in Armour
  1663 | D:2      | Reached skill level 1 in Shields
  1663 | D:2      | Reached skill level 1 in Unarmed Combat
  1663 | D:2      | Reached skill level 1 in Evocations
  1724 | D:2      | Noticed Jessica
  1734 | D:2      | Killed Jessica
  1735 | D:2      | Reached XP level 4. HP: 32/32 MP: 4/11
  1810 | D:2      | Learned a level 4 spell: Olgreb's Toxic Radiance
  1852 | D:2      | Killed Robin
  1853 | D:2      | Reached skill level 1 in Conjurations
  1853 | D:2      | Reached skill level 1 in Hexes
  1853 | D:2      | Reached skill level 1 in Summonings
  1853 | D:2      | Reached skill level 1 in Necromancy
  1853 | D:2      | Reached skill level 1 in Translocations
  1853 | D:2      | Reached skill level 1 in Fire Magic
  1853 | D:2      | Reached skill level 1 in Ice Magic
  1853 | D:2      | Reached skill level 1 in Air Magic
  1853 | D:2      | Reached skill level 1 in Earth Magic
  1994 | D:1      | Learned a level 3 spell: Ignite Poison
  2356 | D:2      | Found Tacuymno's Antique Weapon Shop.
  2749 | D:3      | Found a burning altar of Makhleb.
  3087 | D:3      | Found Udaobam's Armour Emporium.
  3131 | D:3      | Found a runed translucent door.
  3131 | D:3      | Noticed bande's ghost (amateur GrFi)
  3433 | D:3      | Reached XP level 5. HP: 37/37 MP: 3/12
  3533 | D:3      | Learned a level 3 spell: Mephitic Cloud
  3561 | D:4      | Noticed Ijyb
  3564 | D:4      | Killed Ijyb
  3965 | D:4      | Found a staircase to the Ecumenical Temple.
  4103 | Temple   | Entered the Ecumenical Temple
  4305 | Temple   | Became a worshipper of Cheibriados the Contemplative
  4404 | D:4      | Found a runed translucent door.
  4405 | D:4      | Noticed Crazy Yiuf
  4482 | D:4      | Reached skill level 5 in Dodging
  4482 | D:4      | Reached XP level 6. HP: 44/44 MP: 9/14
  4664 | D:4      | Reached skill level 2 in Fighting
  5006 | D:4      | Killed Crazy Yiuf
  5088 | D:5      | Entered Level 5 of the Dungeon
  5088 | D:5      | Found Kiafu's Book Emporium.
  5379 | D:5      | Noticed a water moccasin
  5388 | D:5      | Killed a water moccasin
  5389 | D:5      | Reached XP level 7. HP: 36/51 MP: 12/15
  5425 | D:5      | Reached * piety under Cheibriados
  5426 | D:5      | Reached skill level 5 in Stealth
  5797 | D:5      | Reached skill level 3 in Fighting
  5797 | D:5      | Reached XP level 8. HP: 31/58 MP: 11/16
  5804 | D:5      | Reached ** piety under Cheibriados
  6779 | D:6      | Noticed a shadow
  6800 | D:6      | Killed a shadow
  7303 | D:6      | Reached *** piety under Cheibriados
  7561 | D:6      | Reached skill level 4 in Fighting
  7561 | D:6      | Reached XP level 9. HP: 58/65 MP: 5/18
  7992 | D:7      | Noticed a hornet
  7995 | D:7      | Killed a hornet
  8415 | D:7      | Found an opulent altar of Gozag.
  8543 | D:7      | Found a runed translucent gate.
  8543 | D:7      | Found a runed translucent gate.
  8543 | D:7      | Found a runed translucent gate.
  8549 | D:7      | Reached skill level 5 in Invocations
  8591 | D:7      | Noticed bmack86's ghost (novice MiFi)
  8955 | D:7      | HP: 1/66 [bmack86's ghost (3)]
  9111 | D:8      | Noticed Psyche
  9114 | D:8      | Killed Psyche
  9307 | D:8      | Reached skill level 5 in Fighting
  9307 | D:8      | Reached skill level 5 in Short Blades
  9307 | D:8      | Reached skill level 5 in Long Blades
  9307 | D:8      | Reached skill level 5 in Axes
  9307 | D:8      | Reached skill level 5 in Maces & Flails
  9307 | D:8      | Reached skill level 5 in Polearms
  9307 | D:8      | Reached skill level 5 in Staves
  9307 | D:8      | Reached skill level 5 in Ranged Weapons
  9307 | D:8      | Reached skill level 5 in Throwing
  9307 | D:8      | Reached skill level 5 in Armour
  9307 | D:8      | Reached skill level 5 in Shields
  9307 | D:8      | Reached skill level 5 in Unarmed Combat
  9307 | D:8      | Reached skill level 5 in Evocations
  9309 | D:8      | Reached XP level 10. HP: 70/74 MP: 7/20
  9329 | D:8      | Reached **** piety under Cheibriados
  9566 | D:8      | Noticed a two-headed ogre
  9571 | D:8      | Killed a two-headed ogre
  9905 | D:8      | Reached skill level 5 in Transmutations
 10103 | D:8      | Reached ***** piety under Cheibriados
 10837 | D:8      | Noticed Pikel
 10840 | D:8      | Killed Pikel
 11719 | D:9      | Noticed a gargoyle
 11730 | D:9      | Killed a gargoyle
 11731 | D:9      | Reached skill level 6 in Fighting
 11881 | D:9      | Noticed Harold
 11886 | D:9      | Killed Harold
 11887 | D:9      | Reached skill level 5 in Conjurations
 11887 | D:9      | Reached skill level 5 in Hexes
 11887 | D:9      | Reached skill level 5 in Summonings
 11887 | D:9      | Reached skill level 5 in Necromancy
 11887 | D:9      | Reached skill level 5 in Translocations
 11887 | D:9      | Reached skill level 5 in Fire Magic
 11887 | D:9      | Reached skill level 5 in Ice Magic
 11887 | D:9      | Reached skill level 5 in Air Magic
 11887 | D:9      | Reached skill level 5 in Earth Magic
 11887 | D:9      | Reached XP level 11. HP: 70/81 MP: 10/23
 12078 | D:9      | Found Oduymaqu's General Store.
 12222 | D:9      | Noticed a sun demon
 12227 | D:9      | Found a transporter.
 12251 | D:9      | Found a transporter.
 12253 | D:9      | Noticed a hell hog
 12256 | D:9      | Found a one-way gate to the infinite horrors of the Abyss.
 12256 | D:9      | Noticed Darkkill's ghost (novice MiHu)
 12594 | D:10     | Entered Level 10 of the Dungeon
 12598 | D:10     | Found a large runed translucent door.
 12603 | D:10     | Found a large runed translucent door.
 12726 | D:10     | Reached ****** piety under Cheibriados
 12754 | D:10     | Found a flagged portal.
 12772 | Bailey   | Entered a bailey
 13418 | Bailey   | Noticed an orc knight
 13418 | Bailey   | Noticed an orc knight
 13424 | Bailey   | Killed an orc knight
 13426 | Bailey   | Killed an orc knight
 13694 | D:10     | Found an ancient bone altar of Kikubaaqudgha.
 13757 | D:10     | Reached skill level 7 in Fighting
 13845 | D:10     | Identified the +1 pair of gloves "Ypukhlaa" {Drain +Inv
                  | Int+3}
 14135 | D:10     | Found a bloodstained altar of Trog.
 14177 | D:10     | Found a stormy altar of Qazlal.
 14943 | D:11     | Found a staircase to the Lair.
 15063 | D:11     | Noticed a manticore
 15189 | D:11     | Found a gate leading to a gauntlet.
 15212 | Gauntlet | Entered a Gauntlet
 15212 | Gauntlet | Found a transporter.
 15212 | Gauntlet | Found a transporter.
 15212 | Gauntlet | Found a transporter.
 15222 | Gauntlet | Found a transporter.
 15225 | Gauntlet | Found a transporter.
 15233 | Gauntlet | Found a transporter.
 15236 | Gauntlet | Found a transporter.
 15240 | Gauntlet | Noticed an entropy weaver
 15244 | Gauntlet | Found a transporter.
 15262 | Gauntlet | Found a transporter.
 15262 | Gauntlet | Noticed an obsidian statue
 15279 | Gauntlet | Found a transporter.
 15282 | Gauntlet | Found a transporter.
 15292 | Gauntlet | Found a transporter.
 15305 | Gauntlet | Noticed a fire crab
 15793 | Gauntlet | Killed an entropy weaver
 15794 | Gauntlet | Reached XP level 12. HP: 78/92 MP: 12/24
 15856 | Gauntlet | Identified the +1 helmet "Qautunwa" {Regen+}
 15910 | Gauntlet | Noticed a minotaur
 15912 | Gauntlet | Killed a minotaur
 15943 | Gauntlet | Identified the +1 pair of boots "Haohor" {Harm rElec Str+5
                  | Int-4}
 16023 | D:11     | Found a staircase to the Orcish Mines.
 16041 | D:11     | Reached skill level 8 in Fighting
 17383 | Lair:1   | Entered Level 1 of the Lair of Beasts
 17428 | Lair:1   | Noticed a boulder beetle
 17432 | Lair:1   | Killed a boulder beetle
 17674 | Lair:1   | Identified the +11 spear "Qajeobic" {freeze, rElec rC+
                  | Int+4 Dex+2}
 18543 | Lair:2   | Reached skill level 9 in Fighting
 18601 | Lair:2   | Found a runed translucent door.
 18969 | Lair:2   | Noticed a six-headed hydra
 18976 | Lair:2   | Killed a six-headed hydra
 19167 | Lair:2   | Found a staircase to the Shoals.
 19646 | Lair:2   | Noticed a minotaur
 19648 | Lair:2   | Killed a minotaur
 19723 | Lair:3   | Reached XP level 13. HP: 101/101 MP: 20/26
 19877 | Lair:3   | Found a staircase to the Snake Pit.
 19995 | Lair:3   | Reached skill level 10 in Fighting
 20204 | Lair:3   | Reached skill level 10 in Spellcasting
 20978 | Lair:3   | Reached skill level 10 in Dodging
 21154 | Lair:3   | Identified a scroll of acquirement
 21154 | Lair:3   | Acquired a book of the Wilderness
 21162 | Lair:3   | Learned a level 5 spell: Summon Forest
 21168 | Lair:3   | Learned a level 5 spell: Summon Mana Viper
 21203 | Lair:4   | Identified the +1 leather armour of the Orcish Mines {-Tele
                  | Regen+ Int+3 Dex+3}
 21372 | Lair:4   | Reached skill level 10 in Stealth
 21576 | Lair:4   | Reached skill level 11 in Fighting
 21576 | Lair:4   | Reached XP level 14. HP: 113/113 MP: 16/28
 21589 | Lair:4   | Reached skill level 10 in Invocations
 22115 | Lair:5   | Entered Level 5 of the Lair of Beasts
 22194 | Lair:5   | Found a viscous altar of Jiyva.
 22195 | Lair:5   | Found a staircase to the Slime Pits.
 23289 | Lair:5   | Reached skill level 12 in Fighting
 23644 | Lair:5   | Found a corrupted altar of Lugonu.
 24003 | D:5      | Bought a manual of Dodging for 800 gold pieces
 24667 | D:12     | Reached skill level 10 in Poison Magic
 25028 | D:13     | Noticed Lodul
 25034 | D:13     | Killed Lodul
 25115 | D:13     | Reached skill level 10 in Short Blades
 25115 | D:13     | Reached skill level 10 in Long Blades
 25115 | D:13     | Reached skill level 10 in Axes
 25115 | D:13     | Reached skill level 10 in Maces & Flails
 25115 | D:13     | Reached skill level 10 in Polearms
 25115 | D:13     | Reached skill level 10 in Staves
 25115 | D:13     | Reached skill level 10 in Ranged Weapons
 25115 | D:13     | Reached skill level 10 in Throwing
 25115 | D:13     | Reached skill level 10 in Armour
 25115 | D:13     | Reached skill level 10 in Shields
 25115 | D:13     | Reached skill level 10 in Unarmed Combat
 25115 | D:13     | Reached skill level 10 in Evocations
 25346 | D:13     | Reached XP level 15. HP: 103/122 MP: 22/30
 25382 | D:13     | Found a gate to the Vaults.
 26315 | D:14     | Found a portal to a secret trove of treasure.
 26800 | D:14     | Reached skill level 13 in Fighting
 27081 | D:14     | Acquired 1167 gold pieces
 27112 | D:15     | Entered Level 15 of the Dungeon
 27319 | D:15     | Found a runed translucent gate.
 27321 | D:15     | Found a runed translucent gate.
 27322 | D:15     | Found a runed translucent gate.
 27323 | D:15     | Found an opulent altar of Gozag.
 27326 | D:15     | Noticed pdpol's ghost (journeyman NaFE)
 27328 | D:15     | Noticed a frost giant
 27508 | D:15     | Found Sataobu's Assorted Antiques.
 27562 | D:15     | Found a staircase to the Depths.
 27767 | D:15     | Found Urukokew's Assorted Antiques.
 28222 | D:15     | Killed a frost giant
 28300 | D:15     | Killed pdpol's ghost
 28632 | D:15     | Bought a scroll labelled KEEQYEP MEMIF for 23 gold pieces
 28638 | D:15     | Bought a pair of runed boots for 202 gold pieces
 28950 | D:3      | Killed bande's ghost
 29151 | D:7      | Killed bmack86's ghost
 29342 | D:9      | Killed Darkkill's ghost
 29383 | D:9      | Reached XP level 16. HP: 127/132 MP: 27/32
 29518 | D:9      | Found a shimmering altar of Xom.
 30035 | Orc:1    | Entered Level 1 of the Orcish Mines
 30066 | Orc:1    | Noticed Erolcha
 30071 | Orc:1    | Killed Erolcha
 30191 | Orc:1    | Noticed Erica
 30198 | Orc:1    | Killed Erica
 30225 | Orc:1    | Found a burning altar of Makhleb.
 30287 | Orc:1    | Noticed Josephine
 30298 | Orc:1    | Killed Josephine
 30334 | Orc:1    | Reached skill level 14 in Fighting
 30768 | Orc:2    | Entered Level 2 of the Orcish Mines
 30813 | Orc:2    | Noticed Jorgrun
 30830 | Orc:2    | Killed Jorgrun
 31065 | Orc:2    | Found a staircase to the Elven Halls.
 31380 | Orc:2    | Found Baesos's Antique Armour Boutique.
 31386 | Orc:2    | Found Waze's Antique Armour Emporium.
 31397 | Orc:2    | Found Intomm's General Store.
 31504 | Orc:2    | Found Zijuklur's Antique Armour Boutique.
 31511 | Orc:2    | Bought a silken robe for 171 gold pieces
 31511 | Orc:2    | Identified the +1 robe of Greater Demons {Int+4} (You
                  | bought it in a shop on level 2 of the Orcish Mines)
 31850 | Shoals:1 | Entered Level 1 of the Shoals
 31850 | Shoals:1 | Noticed Mlioglotl
 31879 | Shoals:1 | Noticed a bone dragon
 31879 | Shoals:1 | Noticed a tentacled starspawn
 31888 | Shoals:1 | Slain by a bone dragon

Illustrated notes

Levels and vault maps discovered:
D:1:      zaba_arrival_water, layout_loops_corners
D:2:      layout_loops_cross, serial_shops, nicolae_shop_advertising_works
          [nicolae_subvault_shop_adworks], uniq_robin, uniq_jessica
D:3:      layout_basic, bloody_makhleb, hellmonk_ghost_happy_afterlife,
          serial_shops, shop
D:4:      layout_gridville, minmay_temple_entry_large_hall,
          uniq_crazy_yiuf_cottage, uniq_ijyb
D:5:      layout_cave_pools, serial_bayou, serial_bayou_pond_e,
          serial_bayou_pond_d, serial_bayou_pond_b, serial_bayou_pond_d,
          serial_shops, nicolae_stop_n_shop_1
D:6:      layout_basic, minmay_misc_feat_four_crosses
D:7:      layout_basic, nicolae_overflow_crystal_walls,
          ebering_ghost_rock_garden
D:8:      layout_basic, serial_ice, serial_ice_e, serial_ice_k, serial_ice_g,
          serial_ice_d, serial_ice_f, serial_ice_o, serial_ice_b, serial_ice_n,
          bh_walls_and_bars, uniq_pikel, uniq_psyche
D:9:      layout_gridville, kennysheep_little_box, serial_shops, shop,
          gammafunk_ghost_abyssal_escape, minmay_misc_feat_tiny, uniq_harold
D:10:     layout_roguey, lemuel_round_altar, jmf_multi_god_temple2,
          enter_bailey_6
D:11:     layout_basic, david_lair_shrubbed, david_orc_3, serial_shops,
          bzr_firewalk, gauntlet_entry_generic, minivault_16
D:12:     layout_grid_maze
D:13:     layout_roguey [special_room_bee], david_vaults_2, uniq_lodul
D:14:     layout_rooms, enter_trove_3, grunt_ministairs_8
D:15:     hangedman_depths_entry_civil_slaughter, layout_gridville,
          ebering_ghost_gozag, serial_bayou_pond_e, st_stairs_12,
          kennysheep_inner_square
Temple:   regret_index_temple_sphere_string
Lair:1:   beast_lair_carwin_large_1, layout_gridlike, serial_bayou_shore_b
Lair:2:   dreamdust_labyrinth, layout_small_grid, elwin_shoals_entry_rooms
Lair:3:   layout_cave_pods, minmay_snake_entry_guardpost_small, serial_bayou,
          serial_bayou_lake_a, serial_bayou_pond_a, serial_bayou_pond_b,
          serial_bayou_pond_d
Lair:4:   layout_misc_corridors
Lair:5:   hellmonk_lair_end_abyssal_woods, layout_gridlike, slime_entry_1,
          minivault_24, grunt_megastairs_2
Shoals:1: layout_shoals, nicolae_shoals_water_elemental_grotto, uniq_mlioglotl
Orc:1:    layout_diamond_mine, basic_altar, lemuel_statue_altar,
          nooodl_orcs_dogs, uniq_erica, uniq_josephine, uniq_erolcha
Orc:2:    st_orc_elflike, layout_diamond_mine, uniq_jorgrun

Skill      XL: |  1  2  3  4  5  6  7  8  9 10 11 12 13 14 15 16 |
---------------+-------------------------------------------------+-----
Transmutations | 2 3 4 5 6 7 8 9 |  9.8
Spellcasting   | 5 6 7 8 9 10 11 12 | 12.3
Invocations    | 1 2 3 4 5 6 7 8 9 10 11 12 | 12.2
Fighting       | 1 2 3 4 5 6 7 9 11 12 13 14 | 14.3
Short Blades   | 1 2 3 4 5 6 7 8 9 10 11 | 11.3
Long Blades    | 1 2 3 4 5 6 7 8 9 10 11 | 11.3
Axes           | 1 2 3 4 5 6 7 8 9 10 11 | 11.3
Maces & Flails | 1 2 3 4 5 6 7 8 9 10 11 | 11.3
Polearms       | 1 2 3 4 5 6 7 8 9 10 11 | 11.3
Staves         | 1 2 3 4 5 6 7 8 9 10 11 | 11.3
Ranged Weapons | 1 2 3 4 5 6 7 8 9 10 11 | 11.3
Throwing       | 1 2 3 4 5 6 7 8 9 10 11 | 11.3
Armour         | 1 2 3 4 5 6 7 8 9 10 11 | 11.3
Shields        | 1 2 3 4 5 6 7 8 9 10 11 | 11.3
Unarmed Combat | 1 2 3 4 5 6 7 8 9 10 11 | 11.3
Evocations     | 1 2 3 4 5 6 7 8 9 10 11 | 11.3
Conjurations   | 1 2 3 4 5 6 7 8 9 |  9.5
Hexes          | 1 2 3 4 5 6 7 8 9 |  9.5
Summonings     | 1 2 3 4 5 6 7 8 9 |  9.5
Necromancy     | 1 2 3 4 5 6 7 8 9 |  9.5
Translocations | 1 2 3 4 5 6 7 8 9 |  9.5
Fire Magic     | 1 2 3 4 5 6 7 8 9 |  9.5
Ice Magic      | 1 2 3 4 5 6 7 8 9 |  9.5
Air Magic      | 1 2 3 4 5 6 7 8 9 |  9.5
Earth Magic    | 1 2 3 4 5 6 7 8 9 |  9.5
Dodging        | 5 6 7 8 9 10 11 12 13 | 13.3
Stealth        | 5 6 7 8 9 10 11 12 | 12.0
Poison Magic   | 6 7 8 9 10 11 | 11.0

Action                   |  1- 3 |  4- 6 |  7- 9 | 10-12 | 13-15 | 16-18 || total
-------------------------+-------+-------+-------+-------+-------+-------++-------
Melee: Unarmed           |     4 |       |       |       |       |       ||     4
       Bite              |     1 |     2 |     5 |    22 |   107 |    19 ||   156
       Dagger            |       |    21 |       |       |       |       ||    21
       Staff             |       |    43 |    51 |   135 |   548 |   132 ||   909
       Punch             |       |     1 |     1 |     7 |    29 |       ||    38
Throw: Throwing net      |       |     1 |     1 |     1 |       |       ||     3
       Javelin           |       |       |       |     5 |       |       ||     5
       Dart              |       |       |       |     3 |       |       ||     3
 Cast: Sting             |    64 |       |       |       |       |       ||    64
       Poisonous Vapours |     9 |    61 |    59 |    68 |    70 |    11 ||   278
       Ignite Poison     |       |    13 |    38 |   114 |    93 |    21 ||   279
       Olgreb's Toxic Ra |       |     3 |     6 |    38 |    55 |    18 ||   120
       Mephitic Cloud    |       |     2 |    17 |    35 |     1 |       ||    55
       Summon Mana Viper |       |       |       |       |    54 |     7 ||    61
       Summon Forest     |       |       |       |       |     7 |     3 ||    10
Invok: Temporal Distorti |       |       |     1 |       |       |       ||     1
       Slouch            |       |       |       |     6 |       |       ||     6
       Step From Time    |       |       |       |     1 |       |       ||     1
Evoke: Wand              |       |       |     8 |     8 |       |     7 ||    23
       Phantom mirror    |       |       |       |       |       |     1 ||     1
  Use: Scroll            |     2 |     7 |     2 |    17 |     8 |       ||    36
       Potion            |       |     1 |     3 |     5 |     3 |     3 ||    15
 Stab: Sleeping          |       |     1 |       |     6 |     2 |       ||     9
       Held in net/web   |       |       |       |     1 |       |       ||     1
       Distracted        |       |       |       |       |    11 |     3 ||    14
Armor: Robe              |     3 |    15 |    14 |    14 |       |       ||    46
       Skin              |       |       |       |     4 |       |       ||     4
       Troll leather arm |       |       |       |    18 |   115 |    49 ||   182
Dodge: Dodged            |    35 |    58 |    76 |   217 |   841 |   462 ||  1689
Block: Buckler           |       |       |       |       |   107 |   159 ||   266

Table legend: (Time is in decaauts)
 A = Elapsed time spent in this place.
 B = Non-inter-level travel time spent in this place.
 C = Inter-level travel time spent in this place.
 D = Time resting spent in this place.
 E = Time spent auto-exploring this place.
 F = Levels seen in this place.
 G = Mean time per level.
                   A        B        C        D        E       F      G
               +--------+--------+--------+--------+--------+-----+--------+
         Total |  45000 |  39582 |   5418 |     28 |  33849 |  26 | 1730.8 |
       Dungeon |  29753 |  25192 |   4561 |     28 |  21683 |  15 | 1983.5 |
        Temple |    234 |    151 |     83 |      0 |    136 |   1 |  234.0 |
          Lair |  10244 |   9779 |    465 |      0 |   8408 |   5 | 2048.8 |
        Shoals |     33 |     33 |      0 |      0 |      0 |   1 |   33.0 |
  Orcish Mines |   2760 |   2454 |    306 |      0 |   2001 |   2 | 1380.0 |
        Bailey |    986 |    986 |      0 |      0 |    871 |   1 |  986.0 |
      Gauntlet |    987 |    987 |      0 |      0 |    750 |   1 |  987.0 |
               +--------+--------+--------+--------+--------+-----+--------+

Top non-repeatable levels by time:
    D:11: 3254 daAuts
     D:8: 3147 daAuts
     D:9: 2780 daAuts
     D:7: 2521 daAuts
  Lair:5: 2471 daAuts
     D:4: 2413 daAuts
  Lair:3: 2302 daAuts
    D:15: 2297 daAuts
  Lair:2: 2221 daAuts
    D:10: 1875 daAuts
  Lair:1: 1767 daAuts
    D:12: 1670 daAuts
    D:14: 1666 daAuts
    D:13: 1616 daAuts
     D:6: 1536 daAuts
